 Dungeon Crawl Stone Soup version 0.25-a0-549-g6e6e6501ad (webtiles) character file.

Game seed: 6083096378789601233, levelgen mode: deterministic

2318 ICC the Thaumaturge (level 9, -10/44 HPs)
             Began as a Vine Stalker Fighter on Feb 23, 2020.
             Was a Follower of Wu Jian.
             Mangled by a centaur
             ... wielding the +9 morningstar of Meikodeh {flame, *Noise +Inv MP+9 Int+2}
              (14 damage)
             ... on level 7 of the Dungeon.
             The game lasted 00:13:09 (4115 turns).

ICC the Thaumaturge (Vine Stalker Fighter)          Turns: 4115, Time: 00:13:10

Health: -10/44     AC:  5    Str: 23    XL:     9   Next: 41%
Magic:  0/22       EV: 11    Int:  8    God:    Wu Jian [*.....]
Gold:   298        SH: 10    Dex: 13    Spells: 24/24 levels left

rFire    + + .     SeeInvis +   a - +1 short sword (vamp)
rCold    . . .     Gourm    .   u - +0 buckler
rNeg     . . .     Faith    .   F - +2 leather armour {rF+}
rPois    +         Spirit   +   (no helmet)
rElec    .         Reflect  +   (no cloak)
rCorr    .         Harm     .   (no gloves)
MR       +....                  (no boots)
Stlth    ++........             z - amulet of Taziot {Reflect rPois SH+5 Stlth+}
HPRegen  0.54/turn              c - ring of see invisible
MPRegen  0.18/turn              m - ring of protection from fire

@: no status effects
A: fangs 3, regeneration 1, magic shield, antimagic bite, no potion heal 3, rot
immunity
a: Renounce Religion


You were on level 7 of the Dungeon.
You worshipped Wu Jian.
Wu Jian was aware of your devotion.
You were not hungry.

You visited 2 branches of the dungeon, and saw 8 of its levels.

You collected 298 gold pieces.

Inventory:

Hand Weapons
 a - a +1 vampiric short sword (weapon)
 w - a +0 rapier
Missiles
 b - 5 boomerangs
 o - 14 poisoned darts (quivered)
Armour
 u - a +0 buckler (worn)
 F - a +2 leather armour of fire resistance (worn)
Magical Staves
 G - an uncursed staff of conjuration {unknown}
Jewellery
 c - a ring of see invisible (left hand)
 m - a ring of protection from fire (right hand)
 z - the amulet of Taziot (around neck) {Reflect rPois SH+5 Stlth+}
   (You found it on level 6 of the Dungeon)

   [amulet of reflection]

   It shields you and reflects attacks.
   It protects you from poison.
   It affects your SH (+5).
   It makes you more stealthy.
Wands
 B - a wand of digging (6)
Scrolls
 g - 5 scrolls of remove curse {unknown}
 h - 4 scrolls of teleportation {unknown}
 i - 7 scrolls of identify {unknown}
 k - 2 scrolls of immolation {unknown}
 n - 2 scrolls of fog {unknown}
 r - 2 scrolls of random uselessness {unknown}
 v - a scroll of enchant weapon {unknown}
 x - a scroll of brand weapon {unknown}
 y - a scroll of blinking {unknown}
 C - a scroll of acquirement {unknown}
 E - a scroll of holy word {unknown}
Potions
 d - 3 potions of might
 e - a potion of haste {unknown}
 j - a potion of flight {unknown}
 l - a potion of lignification {unknown}
 p - 2 potions of stabbing {unknown}
 q - a potion of heal wounds {unknown}
 s - a potion of cancellation
 t - 2 potions of curing
 A - a potion of degeneration {unknown}
Comestibles
 f - 9 rations
 D - 10 chunks of flesh


   Skills:
 - Level 3.0 Fighting
 + Level 7.0 Short Blades
 + Level 2.2 Throwing
 - Level 2.4 Armour
 - Level 5.0 Shields
 - Level 8.0 Spellcasting


You had 24 spell levels left.
You didn't know any spells.
Your spell library contained the following spells:

 Spells                   Type           Power        Failure   Level  Hunger
 Freeze                   Ice            #...         22%         1    None
 Frozen Ramparts          Ice            #.....       54%         3    ###....
 Ozocubu's Armour         Chrm/Ice       #.......     54%         3    ###....
 Hailstorm                Conj/Ice       #.......     91%         4    ####...
 Summon Ice Beast         Ice/Summ       #.......     91%         4    ####...


Dungeon Overview and Level Annotations

Branches:
Dungeon (7/15)             Temple (1/1) D:6

Altars:
Ashenzari
Cheibriados
Dithmenos
Elyvilon
Fedhas
Gozag
Hepliaklqana
Kikubaaqudgha
Makhleb
Nemelex Xobeh
Okawaru
Qazlal
Ru
Sif Muna
Trog
Uskayaw
Vehumet
Wu Jian
Xom
Yredelemnul
Zin
The Shining One

Annotations:
D:7 2 exclusions


Innate Abilities, Weirdness & Mutations

You have razor-sharp teeth.
Your natural rate of healing is unusually fast.
When hurt, damage is shared between your health and your magic reserves.
Your bite disrupts and absorbs the magic of your enemies.
Potions cannot restore your health.
You are immune to rotting.


Message History

You reflect the arrow off an invisible shield around you!
The arrow hits the centaur!
You are too injured to fight recklessly!
Unknown command.
You lunge at the centaur.
You barely miss the centaur.
The centaur is almost dead.
The centaur unwields a +0 shortbow.
The centaur wields the +9 morningstar of Meikodeh {flame, *Noise +Inv MP+9 Int+2}.
It bursts into flame!
The centaur hits you with the +9 morningstar of Meikodeh {flame, *Noise +Inv MP+9 Int+2}!
Unknown command.
Unknown command.
You spin and attack the centaur.
You hit the centaur.
You feel better.
The centaur is almost dead.
The centaur hits you with the +9 morningstar of Meikodeh {flame, *Noise +Inv MP+9 Int+2}!
* * * LOW HITPOINT WARNING * * *
The centaur burns you.
* * * LOW HITPOINT WARNING * * *
The centaur hits you with the +9 morningstar of Meikodeh {flame, *Noise +Inv MP+9 Int+2}!
You die...

#...)[###.# #.#
#....†# #.# #.#
#.....###.# #.#
#.........###.######
#........)†)........
#####....)####......
#.....# .....
#####.###.......
#...@cZ........
#....##..... ..
#....# .(.. # ######
._. .. .


You could see a centaur (pinned) and an adder skeleton.

Vanquished Creatures
  A water moccasin (D:5)
  A sky beast (D:5)
  2 phantoms
  7 ogres
  2 centaurs
  2 bullfrogs
  2 howler monkeys
  4 crimson imps
  A quasit (D:6)
  3 hounds
  2 orc wizards (D:7)
  A bullfrog skeleton (D:6)
  3 orc priests
  2 centaur skeletons
  A jelly (D:2)
  3 iguanas
  4 worker ants
  A killer bee zombie (D:7)
  6 gnolls (D:5)
  8 adders
  A shadow imp (D:5)
  3 oozes
  3 worms
  5 dart slugs
  4 leopard geckos
  11 orcs
  8 bats
  8 giant cockroaches
  4 goblins
  6 hobgoblins
  7 jackals
  7 kobolds
  4 quokkas
  2 ball pythons
  4 frilled lizards
  4 rats
137 creatures vanquished.

Vanquished Creatures (others)
  A dart slug (D:7)
1 creature vanquished.

Grand Total: 138 creatures vanquished

Notes
Turn   | Place    | Note
-------+----------+-------------------------------------------
     0 | D:1      | ICC the Vine Stalker Fighter began the quest for the Orb.
     0 | D:1      | Reached XP level 1. HP: 11/11 MP: 2/2
   124 | D:1      | Reached XP level 2. HP: 13/16 MP: 3/3
   186 | D:1      | Reached skill level 1 in Spellcasting
   662 | D:2      | Reached XP level 3. HP: 19/20 MP: 6/6
   687 | D:2      | Reached skill level 2 in Spellcasting
   980 | D:2      | Reached skill level 3 in Spellcasting
   980 | D:2      | Gained mutation: Your natural rate of healing is unusually
                  | fast. [Vine Stalker growth]
   980 | D:2      | Reached XP level 4. HP: 20/24 MP: 7/9
  1286 | D:3      | Found an opulent altar of Gozag.
  1309 | D:3      | Noticed an ogre
  1342 | D:3      | Killed an ogre
  1342 | D:3      | Reached skill level 4 in Spellcasting
  1342 | D:3      | Reached XP level 5. HP: 11/28 MP: 3/12
  1449 | D:3      | Found a bloodstained altar of Trog.
  1786 | D:4      | Noticed an ogre
  1797 | D:4      | Killed an ogre
  1797 | D:4      | Reached XP level 6. HP: 16/32 MP: 6/14
  1882 | D:4      | Reached skill level 5 in Spellcasting
  1993 | D:4      | Noticed a phantom
  2027 | D:4      | Killed a phantom
  2027 | D:4      | Reached XP level 7. HP: 31/36 MP: 12/16
  2168 | D:4      | Found a white marble altar of Elyvilon.
  2168 | D:4      | Found a burning altar of Makhleb.
  2454 | D:5      | Entered Level 5 of the Dungeon
  2587 | D:5      | Found a stormy altar of Qazlal.
  2658 | D:5      | Reached skill level 5 in Short Blades
  2658 | D:5      | Reached skill level 6 in Spellcasting
  2717 | D:5      | Gained mutation: You have razor-sharp teeth. [Vine Stalker
                  | growth]
  2717 | D:5      | Reached XP level 8. HP: 40/40 MP: 18/18
  2813 | D:5      | HP: 2/40 [poisoned by a gnoll]
  2854 | D:5      | Found a shimmering blue altar of Sif Muna.
  2854 | D:5      | Found a sparkling altar of Nemelex Xobeh.
  3242 | D:6      | Reached skill level 7 in Spellcasting
  3334 | D:6      | Found a staircase to the Ecumenical Temple.
  3345 | Temple   | Entered the Ecumenical Temple
  3354 | Temple   | Became a worshipper of the Wu Jian Council
  3494 | D:6      | Got a sparkling garnet amulet
  3495 | D:6      | Identified the amulet of Taziot {Reflect rPois SH+5 Stlth+}
                  | (You found it on level 6 of the Dungeon)
  3505 | D:6      | Reached skill level 5 in Shields
  3505 | D:6      | Reached XP level 9. HP: 44/44 MP: 19/21
  3766 | D:7      | Reached skill level 1 in Throwing
  4059 | D:7      | Reached * piety under Wu Jian
  4095 | D:7      | Reached skill level 8 in Spellcasting
  4108 | D:7      | Found a basalt altar of Yredelemnul.
  4108 | D:7      | Identified the +9 morningstar of Meikodeh {flame, *Noise
                  | +Inv MP+9 Int+2}
  4115 | D:7      | Mangled by a centaur

Levels and vault maps discovered:
D:1:      lightli_arrival_statuegarden, layout_rooms, grunt_decor_mini_mirrors,
          roderic_lattice_a, minmay_misc_feat_chi
D:2:      layout_loops_ring
D:3:      layout_basic, marbit_many_paths, grunt_gozag_statues
D:4:      layout_basic, gammafunk_temple_overflow_pools, first_ration
D:5:      layout_loops_ring, grunt_qazlal_clouds,
          amethyst_overflow_temple_binary
D:6:      layout_basic, minmay_temple_entry_overgrown
D:7:      kennysheep_slugbush, layout_basic, basic_altar, uniq_duvessa,
          uniq_crazy_yiuf_cottage
Temple:   nicolae_temple_elliptical

Skill      XL: |  1  2  3  4  5  6  7  8  9 |
---------------+----------------------------+-----
Short Blades   | 2 3 4 5 6 7 |  7.0
Fighting       | 3 |  3.0
Spellcasting   | 1 3 4 5 6 7 8 |  8.0
Shields        | 3 5 |  5.0
Throwing       | 2 |  2.2
Armour         | |  2.4

Action                   |  1- 3 |  4- 6 |  7- 9 || total
-------------------------+-------+-------+-------++-------
Melee: Rapier            |    37 |    19 |   222 ||   278
       Bite              |    17 |    41 |   123 ||   181
       Short sword       |    43 |   111 |   105 ||   259
Throw: Dart              |       |     6 |    24 ||    30
Invok: Lunge             |       |       |    10 ||    10
       Whirlwind         |       |       |     2 ||     2
  Use: Potion            |       |       |     2 ||     2
 Stab: Sleeping          |       |       |     1 ||     1
  Eat: Chunk             |       |     3 |     8 ||    11
Armor: Scale mail        |    43 |    53 |    76 ||   172
       Leather armour    |       |       |    12 ||    12
Dodge: Dodged            |    37 |    69 |    94 ||   200
Block: Buckler           |       |       |    79 ||    79
       Reflection        |       |       |     3 ||     3

Table legend:
 A = Non-vault XP
 B = Vault XP
 C = Vault XP percentage of total XP
 D = Non-vault monster count
 E = Vault monster count
 F = Vault count percentage of total count
                 A         B        C        D         E       F
            +---------+---------+-------+---------+---------+-------
      Total |    3296 |      16 |   0.5 |     132 |       5 |   3.6
            +---------+---------+-------+---------+---------+-------
        D:1 |      31 |       0 |   0.0 |      18 |       0 |   0.0
        D:2 |     110 |       0 |   0.0 |      18 |       0 |   0.0
        D:3 |     170 |       3 |   1.7 |      19 |       1 |   5.0
        D:4 |     493 |       0 |   0.0 |       9 |       0 |   0.0
        D:5 |    1049 |       0 |   0.0 |      24 |       0 |   0.0
        D:6 |     758 |       0 |   0.0 |      19 |       0 |   0.0
        D:7 |     685 |      13 |   1.9 |      25 |       4 |  13.8
            +---------+---------+-------+---------+---------+-------
